 Dungeon Crawl Stone Soup version 0.18.1-8-gdd0e5ea (webtiles) character file.

136779 Peloso the Peltast (level 16, -22/149 HPs)
             Began as a Minotaur Fighter on June 4, 2016.
             Was the Champion of Okawaru.
             Hit by a large rock thrown by a stone giant (40 damage)
             ... on level 2 of the Orcish Mines.
             The game lasted 01:44:15 (26300 turns).

Peloso the Peltast (Minotaur Fighter)              Turns: 26300, Time: 01:44:15

Health: -22/149    AC: 27    Str: 25    XL:     16   Next: 67%
Magic:  25/25      EV: 10    Int: 14    God:    Okawaru [******]
Gold:   2696       SH: 18    Dex: 27    Spells: 0 memorised, 15 levels left

rFire  + + .     SeeInvis .     c - +5 double sword (holy)
rCold  x . .     Gourm    .     R - +4 plate armour
rNeg   . . .     Faith    .     r - +2 shield {rPois}
rPois  +         Spirit   .     (helmet restricted)
rElec  .         Dismiss  .     D - +0 cloak
rCorr  .         Reflect  .     u - +4 pair of gloves "Joorheen" {Dex+6}
SustAt .         Harm     .     s - +0 pair of boots
MR     +....                    O - amulet of regeneration
Stlth  ..........               B - ring "Doar" {rF+ Int+5 Stlth+}
                                x - ring "Feutank" {Fire MP+9 Int+4 Dex+6}

@: about to teleport, very heavily drained, somewhat resistant to hostile
enchantments, extremely unstealthy
A: retaliatory headbutt, horns 2, thin skeletal structure 1
a: Heroism, Finesse, Renounce Religion


You were on level 2 of the Orcish Mines.
You worshipped Okawaru.
Okawaru was exalted by your worship.
You were very hungry.

You visited 4 branches of the dungeon, and saw 26 of its levels.
You also visited: Labyrinth, Ossuary, Ice Cave and Volcano.

You collected 2696 gold pieces.

Inventory:

Hand Weapons
 a - a +1 long sword of slicing
 c - a +5 double sword of holy wrath (weapon)
 K - a +4 scimitar of flaming
Armour
 r - a +2 shield of poison resistance (worn)
 s - a +0 pair of boots (worn)
 u - the +4 pair of gloves "Joorheen" (worn) {Dex+6}
   (Okawaru gifted it to you on level 5 of the Lair of Beasts)

   It affects your dexterity (+6).
 D - a +0 cloak (worn)
 R - a +4 plate armour (worn)
Rods
 q - a +0 rod of shadows (13/13)
   (You took it off a minotaur in a labyrinth)
Jewellery
 j - an uncursed ring of positive energy
 t - an uncursed ring of protection from cold
 x - the ring "Feutank" (left hand) {Fire MP+9 Int+4 Dex+6}
   (You found it in a labyrinth)

   [ring of fire]

   It enhances your fire magic, and weakens your ice magic.
   It affects your intelligence (+4).
   It affects your dexterity (+6).
   It protects you from fire.
   It makes you vulnerable to cold.
   It affects your magic capacity (+9).
 B - the ring "Doar" (right hand) {rF+ Int+5 Stlth+}
   (You found it on level 13 of the Dungeon)

   [ring of protection from fire]

   It affects your intelligence (+5).
   It protects you from fire.
   It makes you more stealthy.
 H - the amulet "Ulaet" {Harm *Drain Dex+3 Stlth+}
   (You found it in a labyrinth)

   [amulet of harm]

   It increases damage dealt and taken.
   It affects your dexterity (+3).
   It makes you more stealthy.
 O - an amulet of regeneration (around neck)
 S - an uncursed ring of protection from magic
 U - an uncursed ring of protection from magic
Wands
 k - a wand of hasting (1/9)
 I - a wand of paralysis (15/24)
 L - a wand of digging (4/24)
Scrolls
 b - a scroll of magic mapping
 e - 11 scrolls of fear
 g - 9 scrolls of identify
 m - 7 scrolls of fog
 o - 9 scrolls of remove curse
 y - 2 scrolls of holy word
 z - 5 scrolls of teleportation
 A - 6 scrolls of recharging
 C - 3 scrolls of enchant weapon
 E - 5 scrolls of blinking
 T - 2 scrolls of enchant armour
Potions
 d - 2 potions of berserk rage
 l - 7 potions of agility
 n - a potion of magic
 p - 4 potions of flight
 v - 2 potions of resistance
 w - 13 potions of curing
 F - 2 potions of heal wounds
 M - 2 potions of might
 Z - a potion of invisibility
Books
 G - a book of Changes

   Spells                             Type                      Level
   a - Beastly Appendage              Transmutation                1
   b - Sticks to Snakes               Transmutation                2
   c - Spider Form                    Transmutation/Poison         3
   d - Ice Form                       Ice/Transmutation            4
   e - Blade Hands                    Transmutation                5
Comestibles
 f - 13 bread rations
 h - 56 fruits
 i - 11 meat rations


   Skills:
 + Level 15.1(10.9) Fighting
 + Level 18.0(13.6) Long Blades
 + Level 14.4(10.3) Armour
 + Level 6.7(3.3) Dodging
 + Level 1.5(0.0) Stealth
 + Level 20.3(15.7) Shields
 + Level 1.2(0.0) Invocations
 + Level 1.5(0.0) Evocations


You had 15 spell levels left.
You didn't know any spells.

Dungeon Overview and Level Annotations

Branches:
Dungeon (15/15)            Temple (1/1) D:5            Lair (8/8) D:11
 Shoals (0/4) Lair:4       Spider (0/4) Lair:6        Slime (0/6) Lair:7
    Orc (2/2) D:11            Elf (0/3) Orc:2        Vaults (0/5) D:14
 Depths (0/5) D:15

Altars:
Ashenzari
Cheibriados
Dithmenos
Fedhas
Gozag
Makhleb
Nemelex Xobeh
Okawaru
Pakellas
Qazlal
Ru
Sif Muna
Trog
Vehumet
Xom
Yredelemnul
Zin
The Shining One
Jiyva

Shops:
D:10 :   D:14 :   D:15 *   Orc:2 %


Innate Abilities, Weirdness & Mutations

You reflexively headbutt those who attack you in melee.
You have a pair of horns on your head.
You have a somewhat thin skeletal structure (Dex +2, Stealth).


Message History

The orc shouts!
The stone giant throws a large rock.
The large rock hits you!
* * * LOW HITPOINT WARNING * * *
You see here a large rock.
The stone giant throws a large rock.
You block the large rock.
A warg, an orc wizard and an orc knight come into view.
You see here a large rock.
An orc warrior and an orc sorcerer come into view.
The warg howls!
The orc wizard shouts!
The orc sorcerer shouts!
The orc warrior shouts!
The stone giant throws a large rock.
You block the large rock.
An orc warrior comes into view. It is wielding a scimitar.
You see here a large rock.
An orc comes into view. It is wielding a club.
The orc shouts!
The orc warrior shouts!
Read which item? (? for menu, Esc to quit)
As you read the scroll of teleportation, it crumbles to dust.
You feel strangely unstable.
The stone giant throws a large rock.
The large rock hits you!!!
You die...

*******#** #######*##*
**,,*#.##.**####.#.#.#$..***
****,,,,......##.#..........,,**
**,*,,,,,.......@..T.....#...,,,*
,,,,,,,,,.......#.((((.......,,,,
,,,,,,,,,#.......#...........,,,,
,*,*,,,,,.........oh.........,,,,
*,,,*,,,,..o#oo..............,,,*
**,,,,,,,...o..C.............,,,,
**,,,,,,,...oo...............,,,,
*,,,,,,,,,...................,,,,
**,,,,,,,,...................,,,,


You could see a stone giant, an orc knight, a troll, a warg, an orc sorcerer, 2
orc warriors, an orc wizard and 2 orcs.

Vanquished Creatures
  A sphinx (D:13)
  A storm dragon (D:13)
  Kirke (Lair:5)
  Agnes (D:15)
  The ghost of Kloppie the Fencer, an adept FoFi of Okawaru (D:13)
  3 azure jellies (Lair:7)
  An orc warlord (Orc:1)
  Maud (Lair:6)
  Nessos (D:15)
  An ettin (D:13)
  A minotaur (Lab)
  Josephine (D:12)
  14 hydras
  6 centaur warriors
  A death knight (D:12)
  Erica (D:9)
  2 dancing weapons (D:14)
  An ogre mage (D:15)
  6 death yaks
  A tengu warrior (D:13)
  A deep troll earth mage (D:13)
  Urug (D:11)
  Sonja (D:10)
  2 skeletal warriors (D:15)
  A spark wasp zombie (D:15)
  A flayed ghost (D:15)
  A lindwurm (Lair:8)
  2 unseen horrors (D:13)
  12 hill giants
  2 orc knights
  An orb spider (Lair:6)
  2 necromancers
  5 griffons
  2 orc sorcerers
  The ghost of cuftamc98 the Ducker, a novice DsBe of Trog (D:6)
  A manticore (D:14)
  2 oklob plants (Lair:5)
  2 fire giant zombies (D:15)
  3 deep elf magi
  6 statues (Volcano)
  5 cyclopes
  8 ugly things
  A cyclops (shapeshifter) (D:13)
  4 elephants (Lair:7)
  9 black mambas
  A molten gargoyle (Volcano)
  19 spiny frogs
  6 ice statues
  2 gargoyles
  A kobold demonologist (D:13)
  9 komodo dragons
  2 yaktaurs (D:13)
  4 rime drakes
  An efreet (D:13)
  2 spriggan druids (Lair:8)
  9 ice devils (IceCv)
  4 trolls
  8 polar bears (Lair:8)
  10 slime creatures
  6 two-headed ogres
  9 blink frogs
  A fire dragon zombie (D:15)
  Sigmund (D:6)
  3 shadows
  6 redbacks (Lair:8)
  11 spriggans (Lair:8)
  A vampire (D:13)
  8 wyverns
  4 basilisks
  7 wraiths
  57 yaks
  4 hungry ghosts
  The ghost of Gargoyl the Skirmisher, an amateur DsAK of Lugonu (D:5)
  A steam dragon (D:11)
  9 hippogriffs
  3 hogs (Lair:5)
  5 fire bats (Volcano)
  11 vampire mosquitoes
  2 wargs (Orc:1)
  The ghost of fuyune the Charmwright, an amateur HESk (D:4)
  2 mottled dragons
  A soldier ant (D:14)
  Duvessa (D:5)
  2 hell hounds (D:11)
  27 water moccasins
  7 porcupines
  19 orc warriors
  4 ice beasts
  11 black bears
  2 eyes of draining
  7 sky beasts
  6 wasps
  11 ogres
  39 wolves
  12 centaurs
  A necrophage (D:15)
  4 phantoms
  3 big kobolds
  12 crocodiles
  26 giant frogs
  An elf zombie (Ossuary)
  An earth elemental (Volcano)
  Dowan (D:5)
  A scorpion (D:7)
  2 wyvern skeletons (D:13)
  14 killer bees
  16 wights
  An electric eel (Lair:7)
  6 howler monkeys
  10 centaur zombies
  6 lava snakes (Volcano)
  9 crimson imps
  A quasit (D:11)
  5 draconian simulacra (IceCv)
  7 human zombies (Ossuary)
  3 giant frog zombies
  6 orc priests
  9 hounds
  6 jellies
  16 orc wizards
  6 centaur skeletons
  3 giant frog skeletons
  A gnoll shaman (D:8)
  Terence (D:2)
  9 iguanas
  8 worker ants
  2 troll simulacra (IceCv)
  4 sheep (Lair:3)
  A hound zombie (D:5)
  A hound skeleton (D:10)
  3 mummies (Ossuary)
  A worker ant zombie (D:6)
  2 howler monkey skeletons
  20 adders
  9 gnolls
  A naga simulacrum (IceCv)
  2 ogre simulacra (IceCv)
  67 river rats
  3 shadow imps
  3 adder skeletons
  An adder zombie (D:7)
  A dart slug (D:3)
  10 giant geckos
  58 orcs
  6 ball pythons
  10 bats
  4 giant cockroaches
  9 hobgoblins
  7 jackals
  5 quokkas
  A giant cockroach zombie (D:5)
  A giant gecko skeleton (D:5)
  A giant gecko zombie (D:8)
  12 giant newts
  11 goblins
  21 kobolds
  2 quokka skeletons
  21 rats
  A butterfly (Lair:4)
  A plant (Lair:8)
999 creatures vanquished.

Vanquished Creatures (others)
  An orc priest (Orc:2)
  A fungus (Lair:8)
  3 plants
5 creatures vanquished.

Grand Total: 1004 creatures vanquished

Notes
Turn   | Place    | Note
--------------------------------------------------------------
     0 | D:1      | Peloso the Minotaur Fighter began the quest for the Orb.
     0 | D:1      | Reached XP level 1. HP: 19/19 MP: 0/0
    69 | D:1      | Reached skill level 4 in Shields
    74 | D:1      | Reached XP level 2. HP: 5/27 MP: 1/1
   739 | D:2      | Reached XP level 3. HP: 33/33 MP: 2/2
   964 | D:2      | Noticed Terence
   974 | D:2      | Killed Terence
   974 | D:2      | Reached XP level 4. HP: 31/41 MP: 3/3
  1088 | D:2      | Found a radiant altar of Vehumet.
  1187 | D:2      | Reached skill level 1 in Dodging
  1395 | D:2      | Reached skill level 5 in Shields
  1428 | D:2      | Reached XP level 5. HP: 47/47 MP: 4/4
  2455 | D:4      | Reached XP level 6. HP: 51/55 MP: 5/5
  2526 | D:4      | Noticed fuyune's ghost (amateur HESk)
  2546 | D:4      | Killed fuyune's ghost
  2546 | D:4      | Reached skill level 5 in Fighting
  2546 | D:4      | Reached skill level 5 in Armour
  2546 | D:4      | Reached skill level 6 in Shields
  2565 | D:4      | Noticed a troll
  2580 | D:4      | Killed a troll
  2580 | D:4      | Reached skill level 7 in Shields
  2580 | D:4      | Reached XP level 7. HP: 31/61 MP: 6/6
  3157 | D:5      | Entered Level 5 of the Dungeon
  3267 | D:5      | Noticed Gargoyl's ghost (amateur DsAK)
  3289 | D:5      | Killed Gargoyl's ghost
  3289 | D:5      | Reached skill level 8 in Shields
  3289 | D:5      | Reached XP level 8. HP: 70/70 MP: 7/7
  3299 | D:5      | Found a staircase to the Ecumenical Temple.
  3316 | Temple   | Entered the Ecumenical Temple
  3471 | Temple   | Became a worshipper of Warmaster Okawaru
  3532 | D:5      | Noticed Duvessa
  3532 | D:5      | Noticed Dowan
  3539 | D:5      | Killed Duvessa
  3554 | D:5      | Killed Dowan
  3554 | D:5      | Reached skill level 5 in Long Blades
  4194 | D:6      | Found a sacrificial altar of Ru.
  4247 | D:6      | Reached skill level 9 in Shields
  4273 | D:6      | Noticed Sigmund
  4284 | D:6      | Killed Sigmund
  4284 | D:6      | Reached * piety under Okawaru
  4378 | D:6      | Noticed cuftamc98's ghost (novice DsBe)
  4401 | D:6      | Killed cuftamc98's ghost
  4401 | D:6      | Reached XP level 9. HP: 68/78 MP: 8/8
  4748 | D:6      | Found a basalt altar of Yredelemnul.
  4781 | D:6      | Found a glowing golden altar of the Shining One.
  4959 | D:6      | Reached ** piety under Okawaru
  5120 | D:7      | Found a sand-covered staircase.
  5129 | Ossuary  | Entered an ossuary
  5198 | Ossuary  | Reached skill level 10 in Shields
  5240 | Ossuary  | Reached skill level 1 in Stealth
  5344 | D:7      | Found a basalt altar of Yredelemnul.
  5746 | D:7      | Found an iron altar of Okawaru.
  5878 | D:7      | Reached *** piety under Okawaru
  6464 | D:8      | Got an ancient hand axe
  6509 | D:8      | Reached XP level 10. HP: 85/86 MP: 9/9
  6640 | D:8      | Identified the +6 hand axe "Grim" {flame, *Drain +Inv Str+3 Dex+4} (You found it on level 8 of the Dungeon)
  6690 | D:8      | Reached skill level 11 in Shields
  7306 | D:9      | Found a basalt altar of Yredelemnul.
  7315 | D:9      | Noticed a hill giant
  7329 | D:9      | Killed a hill giant
  7329 | D:9      | Reached **** piety under Okawaru
  7892 | D:9      | Reached skill level 12 in Shields
  7997 | D:9      | Noticed Erica
  7998 | D:9      | Found a deep blue altar of Sif Muna.
  8012 | D:9      | Killed Erica
  8080 | D:9      | Reached skill level 10 in Long Blades
  8300 | D:9      | Found a shattered altar of Ashenzari.
  8397 | D:10     | Entered Level 10 of the Dungeon
  8415 | D:10     | Reached ***** piety under Okawaru
  8415 | D:10     | Reached skill level 1 in Evocations
  8439 | D:10     | Noticed a hill giant
  8448 | D:10     | Killed a hill giant
  8592 | D:10     | Noticed Sonja
  8721 | D:10     | Reached XP level 11. HP: 93/95 MP: 10/10
  8749 | D:10     | Noticed a hill giant
  8761 | D:10     | Killed a hill giant
  8852 | D:10     | Killed Sonja
  8883 | D:10     | Found Osabbes's Book Boutique.
  9187 | D:11     | Found a sacrificial altar of Ru.
  9189 | D:11     | Noticed Urug
  9209 | D:11     | Killed Urug
  9209 | D:11     | Reached skill level 13 in Shields
  9393 | D:11     | Noticed a four-headed hydra
  9394 | D:11     | Noticed a five-headed hydra
  9405 | D:11     | Killed a one-headed hydra
  9405 | D:11     | Reached skill level 10 in Armour
  9410 | D:11     | Killed a one-headed hydra
  9410 | D:11     | Reached ****** piety under Okawaru
  9451 | D:11     | Found a staircase to the Lair.
  9630 | D:11     | Found a staircase to the Orcish Mines.
  9868 | Lair:1   | Entered Level 1 of the Lair of Beasts
  9871 | Lair:1   | Noticed a four-headed hydra
  9880 | Lair:1   | Killed a one-headed hydra
  9880 | Lair:1   | Received a gift from Okawaru
 10011 | Lair:1   | Reached skill level 10 in Fighting
 10015 | Lair:1   | Received a gift from Okawaru
 10084 | Lair:1   | Reached XP level 12. HP: 89/106 MP: 12/12
 10090 | Lair:1   | Reached skill level 14 in Shields
 11202 | Lair:2   | Found a blossoming altar of Fedhas.
 11596 | Lair:3   | Found a dark tunnel.
 11670 | Volcano  | Entered a volcano
 11999 | Volcano  | Reached skill level 15 in Shields
 12097 | Volcano  | Found a burning altar of Makhleb.
 12120 | Volcano  | Received a gift from Okawaru
 12374 | Lair:3   | Got a transparent war axe
 12375 | Lair:3   | Identified the +6 war axe of Leitint {drain, rElec rF+ Int+3 Dex-5} (You found it on level 3 of the Lair of Beasts)
 12980 | Lair:4   | Reached XP level 13. HP: 86/116 MP: 13/13
 13212 | Lair:4   | Found a staircase to the Shoals.
 13840 | Lair:5   | Received a gift from Okawaru
 13907 | Lair:5   | Reached skill level 5 in Dodging
 14044 | Lair:5   | Reached skill level 16 in Shields
 14219 | Lair:5   | Noticed Kirke
 14236 | Lair:5   | Killed Kirke
 14236 | Lair:5   | Received a gift from Okawaru
 14240 | Lair:5   | Got a pair of fine gloves {god gift}
 14246 | Lair:5   | Identified the +4 pair of gloves "Joorheen" {Dex+6} (Okawaru gifted it to you on level 5 of the Lair of Beasts)
 15461 | Lair:6   | Found a hole to the Spider Nest.
 15536 | Lair:6   | Noticed Maud
 15545 | Lair:6   | Killed Maud
 15769 | Lair:6   | Reached XP level 14. HP: 127/127 MP: 14/14
 16399 | Lair:7   | Found a runed door.
 16399 | Lair:7   | Found a viscous altar of Jiyva.
 16399 | Lair:7   | Noticed an azure jelly
 16400 | Lair:7   | Found a staircase to the Slime Pits.
 16400 | Lair:7   | Noticed an azure jelly
 16401 | Lair:7   | Noticed an azure jelly
 16619 | Lair:7   | Reached skill level 17 in Shields
 16683 | Lair:7   | Reached skill level 15 in Long Blades
 17223 | Lair:7   | Killed an azure jelly
 17227 | Lair:7   | Killed an azure jelly
 17227 | Lair:7   | Received a gift from Okawaru
 17227 | Lair:7   | Received a gift from Okawaru
 17232 | Lair:7   | Killed an azure jelly
 17317 | Lair:8   | Entered Level 8 of the Lair of Beasts
 17582 | Lair:8   | Reached skill level 18 in Shields
 18232 | Lair:8   | Received a gift from Okawaru
 18271 | Lair:8   | Reached XP level 15. HP: 94/136 MP: 15/15
 18344 | Lair:8   | Identified the Tome of Hurtful Clay
 19192 | D:12     | Noticed Josephine
 19202 | D:12     | Killed Josephine
 19740 | D:13     | Gained mutation: You have a somewhat thin skeletal structure (Dex +2, Stealth). [potion of beneficial mutation]
 19749 | D:13     | Got a sparkling bronze ring
 19750 | D:13     | Identified the ring "Doar" {rF+ Int+5 Stlth+} (You found it on level 13 of the Dungeon)
 20080 | D:13     | Noticed Kloppie's ghost (adept FoFi)
 20146 | D:13     | Killed Kloppie's ghost
 20336 | D:13     | Received a gift from Okawaru
 20678 | D:13     | Reached skill level 19 in Shields
 20724 | D:13     | Noticed a storm dragon
 20724 | D:13     | Noticed a sphinx
 20736 | D:13     | Killed a storm dragon
 20745 | D:13     | Reached skill level 1 in Invocations
 20751 | D:13     | Killed a sphinx
 21935 | D:14     | Received a gift from Okawaru
 21991 | D:14     | Found a gate to the Vaults.
 22031 | D:14     | Found Patrepn's Book Boutique.
 22380 | D:14     | Found a blossoming altar of Fedhas.
 22472 | D:14     | Reached XP level 16. HP: 146/146 MP: 16/16
 22798 | D:15     | Entered Level 15 of the Dungeon
 22809 | D:15     | Found a staircase to the Depths.
 23122 | D:15     | Found Hafipt's Assorted Antiques.
 23151 | D:15     | Found a frozen archway.
 23194 | IceCv    | Entered an ice cave
 23295 | IceCv    | Received a gift from Okawaru
 23298 | IceCv    | Got a pitted scale mail {god gift}
 23717 | IceCv    | Identified the +0 scale mail "Foifuott" {rElec rPois rCorr MP+9} (Okawaru gifted it to you in an ice cave)
 24062 | D:15     | Reached skill level 20 in Shields
 24537 | D:15     | Noticed Nessos
 24551 | D:15     | Killed Nessos
 24602 | D:15     | Noticed Agnes
 24611 | D:15     | Killed Agnes
 25024 | Orc:1    | Entered Level 1 of the Orcish Mines
 25030 | Orc:1    | Reached skill level 15 in Fighting
 25400 | Orc:2    | Entered Level 2 of the Orcish Mines
 25441 | Orc:2    | Found a staircase to the Elven Halls.
 25451 | Orc:2    | Found a labyrinth entrance.
 25468 | Lab      | Entered a labyrinth
 25830 | Lab      | Got a brightly glowing platinum ring
 25830 | Lab      | Got a scorched crystal amulet
 25836 | Lab      | Identified the amulet "Ulaet" {Harm *Drain Dex+3 Stlth+} (You found it in a labyrinth)
 25842 | Lab      | Identified the ring "Feutank" {Fire MP+9 Int+4 Dex+6} (You found it in a labyrinth)
 26256 | Orc:2    | Found Parphy's Food Boutique.
 26260 | Orc:2    | Paralysed by an orc sorcerer for 2 turns
 26300 | Orc:2    | Hit by a large rock thrown by a stone giant

Skill      XL: |  1  2  3  4  5  6  7  8  9 10 11 12 13 14 15 16 |
---------------+-------------------------------------------------+-----
Shields        | 4 5 7 8 9 10 12 13 15 16 18 19 20 | 20.3
Fighting       | 4 5 6 7 8 10 11 12 13 14 15 | 15.1
Armour         | 4 5 6 7 8 9 10 11 12 13 14 | 14.4
Dodging        | 1 2 3 4 5 6 |  6.7
Long Blades    | 3 4 6 8 10 11 13 14 15 17 18 | 18.0
Stealth        | 1 |  1.5
Evocations     | 1 |  1.5
Invocations    | 1 |  1.2

Action                   |  1- 3 |  4- 6 |  7- 9 | 10-12 | 13-15 | 16-18 || total
-------------------------+-------+-------+-------+-------+-------+-------++-------
Melee: Long sword        |    98 |   229 |   450 |   182 |       |       ||   959
       Headbutt          |    12 |    30 |    97 |   175 |   390 |   161 ||   865
       Scimitar          |       |       |       |   716 |  1013 |   339 ||  2068
       Double sword      |       |       |       |       |   400 |   147 ||   547
       Unarmed           |       |       |       |       |     2 |       ||     2
Invok: Heroism           |       |       |     1 |     3 |     6 |     1 ||    11
Evoke: Wand              |       |       |       |     6 |     2 |     3 ||    11
  Use: Potion            |       |     1 |       |     1 |     3 |     1 ||     6
       Scroll            |       |       |    19 |    10 |     7 |     7 ||    43
 Stab: Paralysed         |       |       |     1 |       |       |       ||     1
  Eat: Chunk             |       |     6 |    10 |    20 |    26 |     9 ||    71
       Pizza             |       |       |     1 |     1 |     2 |       ||     4
       Beef jerky        |       |       |     2 |     1 |     3 |     1 ||     7
       Fruit             |       |       |       |       |       |     4 ||     4
Armor: Scale mail        |    28 |       |       |       |       |       ||    28
       Plate armour      |    10 |   187 |   208 |   316 |   565 |   189 ||  1475
Dodge: Dodged            |    27 |    55 |   101 |   169 |   422 |   152 ||   926
Block: Shield            |    79 |   203 |   283 |   586 |  1255 |   426 ||  2832
